 Dungeon Crawl Stone Soup version 0.29-a0-414-g5075937ec3 (webtiles) character file.

Game seed: 7355167550157502881

2558 ochkoshnick the Cleaver (level 9, 0/81 HPs)
             Began as a Minotaur Berserker on May 15, 2022.
             Was a Priest of Trog.
             Slain by a gnoll sergeant
             ... wielding a +0 spear
              (7 damage)
             ... on level 8 of the Dungeon.
             The game lasted 00:40:45 (8255 turns).

ochkoshnick the Cleaver (Minotaur Berserker)        Turns: 8255, Time: 00:40:46

Health: 0/81       AC: 13    Str: 26    XL:     9   Next: 31%
Magic:  8/8        EV: 10    Int:  4    God:    Trog [***...]
Gold:   410        SH:  0    Dex: 12    Spells: 8/8 levels left

rFire   + . .      SeeInvis .   a - +0 hand axe
rCold   + + .      Faith    .   (no shield)
rNeg    . . .      Spirit   .   E - +0 chain mail {rF+}
rPois   .          Reflect  .   (helmet restricted)
rElec   .          Harm     .   f - scarf {rC+ rF+}
rCorr   +          Rampage  .   (no gloves)
Will    .....                   (no boots)
Stlth   ..........              (no amulet)
HPRegen 0.23/turn               h - ring of resist corrosion
MPRegen 0.11/turn               F - ring of ice

@: mighty, on berserk cooldown, hasted, very quick
A: horns 2, retaliatory headbutt, iridescent scales 2, strong 1
a: Renounce Religion, Berserk, Trog's Hand


You were on level 8 of the Dungeon.
You worshipped Trog.
Trog was most pleased with you.
You visited 1 branch of the dungeon, and saw 8 of its levels.

You collected 410 gold pieces.

Inventory:

Hand Weapons
 a - a +0 hand axe (weapon)
 G - a +0 battleaxe
 H - a +0 club
 I - a +5 vampiric spear
Armour
 b - a +0 animal skin
 f - a scarf of resistance (worn)
 z - a +1 cloak
 E - a +0 chain mail of fire resistance (worn)
Jewellery
 c - a ring of positive energy
 h - a ring of resist corrosion (left hand)
 F - a ring of ice (right hand)
Wands
 o - a wand of charming (10)
 p - a wand of flame (14)
 w - a wand of polymorph (7)
 C - a wand of paralysis (8)
Scrolls
 e - a scroll of fog {unknown}
 i - a scroll of identify
 j - a scroll of enchant weapon {unknown}
 k - 4 scrolls of amnesia
 n - 2 scrolls of vulnerability {unknown}
 r - a scroll of poison {unknown}
 s - a scroll of immolation {unknown}
 x - a scroll of acquirement {unknown}
 y - a scroll of torment {unknown}
 A - 2 scrolls of magic mapping {unknown}
 B - a scroll of noise {unknown}
Potions
 d - 3 potions of magic
 g - a potion of haste
 l - 3 potions of cancellation
 m - 2 potions of mutation
 q - a potion of heal wounds {unknown}
 t - a potion of might
 u - a potion of brilliance {unknown}
 v - a potion of flight {unknown}
 D - a potion of lignification {unknown}


   Skills:
 + Level 8.0 Fighting
 + Level 10.6 Axes
 + Level 4.3 Armour
 + Level 5.9 Dodging
 + Level 3.9 Stealth


You had 8 spell levels left.
You didn't know any spells.
Your spell library was empty.

Dungeon Overview and Level Annotations

Branches:
Dungeon (8/15)             Temple (0/1) D:7
   Lair: D:8-11

Altars:
Cheibriados
Elyvilon
Kikubaaqudgha
Ru
Uskayaw
Wu Jian
Zin


Innate Abilities, Weirdness & Mutations

You have a pair of horns on your head.
You reflexively headbutt those who attack you in melee.
You are mostly covered in iridescent scales. (AC +4)
Your muscles are strong. (Str +2)


Message History

The bullfrog gives a loud, deep croak!
You hit the two-headed ogre.
The two-headed ogre is heavily wounded.
The two-headed ogre hits you with a +0 giant club!!
The two-headed ogre closely misses you.
Okay, then.
You feel yourself speed up.
The gnoll sergeant hits you but does no damage.
The two-headed ogre barely misses you. You furiously retaliate!
You headbutt the two-headed ogre!
The two-headed ogre hits you with a +0 giant club!
* * * LOW HITPOINT WARNING * * *
The gnoll sergeant hits you from afar with a +0 spear.
* * * LOW HITPOINT WARNING * * *
Things that are here:
a +0 dagger; a +0 robe You hit the two-headed ogre.
You headbutt the two-headed ogre!
You kill the two-headed ogre!
Trog accepts your kill.
The gnoll sergeant hits you but does no damage.
Your Fighting skill increases to level 8!
Your Armour skill increases to level 4!
Things that are here:
a +0 giant club; a +0 giant club You hit the gnoll sergeant.
The gnoll sergeant is lightly wounded.
The gnoll sergeant closely misses you.
You hit the gnoll sergeant but do no damage.
You headbutt the gnoll sergeant!
The gnoll sergeant is moderately wounded.
You closely miss the gnoll sergeant.
Your headbutt misses the gnoll sergeant.
The gnoll sergeant is moderately wounded.
The gnoll sergeant hits you but does no damage.
You feel very mighty all of a sudden.
You slash the bullfrog!
The bullfrog is moderately wounded.
You closely miss the gnoll sergeant.
The gnoll sergeant hits you with a +0 spear!
You die...

..... ######.....
##........... .......#..)..
# ............# ##.#
........##..#####g.#
.......##...#..)@##
...............)F.## ##
.......#[##.#####..##.##.##
.......#.#..# #..........
...........## #........#
######.....##...........##
................##.#.......
######.......#.##..##......
#....##... #.## ......


You could see a gnoll sergeant and a bullfrog.

Vanquished Creatures
  A two-headed ogre (D:8)
  Prince Ribbit (D:6)
  2 ice beasts (D:6)
  A sky beast (D:7)
  An orc warrior (D:7)
  A centaur (D:5)
  3 phantoms
  A kobold brigand (D:3)
  A bullfrog (D:8)
  A gnoll sergeant (D:8)
  A wight (D:8)
  2 vampire bats (D:4)
  2 howler monkeys (D:5)
  3 hounds
  Crazy Yiuf (D:3)
  3 jellies
  An orc priest (D:3)
  Ijyb (D:3)
  Natasha (thrice) (D:4)
  2 iguanas (D:5)
  3 orc wizards
  4 gnolls
  7 adders
  A river rat (D:3)
  A white imp (D:5)
  2 worms
  2 dart slugs (D:5)
  21 orcs
  5 bats
  2 bat skeletons (D:4)
  4 bat zombies (D:4)
  9 endoplasms
  4 giant cockroaches
  7 hobgoblins
  2 jackals (D:2)
  7 quokkas
  7 ball pythons
  5 frilled lizards
  6 goblins
  6 kobolds
  9 rats
146 creatures vanquished.

Vanquished Creatures (others)
  An orc wizard (D:7)
  7 plants (D:3)
  3 withered plants (D:2)
11 creatures vanquished.

Grand Total: 157 creatures vanquished

Notes
Turn   | Place    | Note
-------+----------+-------------------------------------------
     0 | D:1      | ochkoshnick the Minotaur Berserker began the quest for the
                  | Orb.
     0 | D:1      | Reached XP level 1. HP: 19/19 MP: 0/0
   396 | D:1      | Reached XP level 2. HP: 27/27 MP: 1/1
   425 | D:1      | Reached skill level 4 in Axes
  1235 | D:2      | Reached XP level 3. HP: 30/33 MP: 2/2
  1589 | D:2      | Reached ** piety under Trog
  1865 | D:2      | Found a faded altar of an unknown god.
  2042 | D:3      | Noticed Ijyb
  2054 | D:3      | Killed Ijyb
  2055 | D:3      | Reached skill level 5 in Axes
  2055 | D:3      | Reached XP level 4. HP: 41/41 MP: 3/3
  2193 | D:3      | Found a runed translucent door.
  2194 | D:3      | Noticed Crazy Yiuf
  2448 | D:3      | Found a white marble altar of Elyvilon.
  2583 | D:3      | Reached XP level 5. HP: 47/47 MP: 4/4
  2627 | D:3      | Gained mutation: You are partially covered in iridescent
                  | scales. (AC +2) [potion of mutation]
  2627 | D:3      | Gained mutation: Your muscles are strong. (Str +2) [potion
                  | of mutation]
  2627 | D:3      | Gained mutation: You are mostly covered in iridescent
                  | scales. (AC +4) [potion of mutation]
  2730 | D:3      | Reached skill level 5 in Fighting
  2824 | D:3      | Reached skill level 6 in Axes
  3105 | D:3      | Found a glowing silver altar of Zin.
  3170 | D:3      | Killed Crazy Yiuf
  3171 | D:3      | Reached XP level 6. HP: 52/56 MP: 5/5
  3380 | D:4      | Noticed Natasha
  3387 | D:4      | Killed Natasha
  3715 | D:4      | Reached *** piety under Trog
  3716 | D:4      | Reached skill level 1 in Stealth
  3810 | D:4      | Found an ancient bone altar of Kikubaaqudgha.
  3820 | D:4      | Reached skill level 7 in Axes
  3979 | D:4      | Reached XP level 7. HP: 61/62 MP: 6/6
  4170 | D:4      | Noticed Natasha
  4180 | D:4      | Killed Natasha
  4250 | D:4      | Noticed Natasha
  4256 | D:4      | Killed Natasha
  4722 | D:5      | Entered Level 5 of the Dungeon
  4722 | D:5      | You fall into a shaft and drop 2 floors!
  5151 | D:5      | Reached skill level 8 in Axes
  5598 | D:5      | Reached XP level 8. HP: 57/71 MP: 7/7
  5709 | D:5      | Found a sacrificial altar of Ru.
  5716 | D:5      | Reached skill level 5 in Dodging
  5775 | D:5      | Found a hide-covered altar of Uskayaw.
  5775 | D:5      | Found an ornate altar of the Wu Jian Council.
  6114 | D:6      | Noticed Prince Ribbit
  6471 | D:6      | Killed Prince Ribbit
  6792 | D:6      | Reached skill level 9 in Axes
  7504 | D:7      | Found a staircase to the Ecumenical Temple.
  7533 | D:7      | Found a snail-covered altar of Cheibriados.
  7887 | D:8      | Noticed a slime creature
  8207 | D:8      | Reached skill level 10 in Axes
  8207 | D:8      | Reached XP level 9. HP: 79/79 MP: 8/8
  8240 | D:8      | Noticed a two-headed ogre
  8249 | D:8      | Killed a two-headed ogre
  8255 | D:8      | Slain by a gnoll sergeant

Illustrated notes

Levels and vault maps discovered:
D:1:      minmay_arrival_wavy_path, layout_basic
D:2:      layout_loops_ring, ebering_ecumenical_altar_petrified, st_stairs_8
D:3:      layout_basic, elyvilon_altar_5, zin_scriptorium,
          lightli_sewer_entry_pipes, serial_bayou_lagoon_a, uniq_ijyb,
          uniq_crazy_yiuf_cottage
D:4:      layout_gridville, kennysheep_vampire_church,
          hangedman_decor_diamond_cutter, uniq_natasha
D:5:      layout_basic, hangedman_ru_absence, gammafunk_temple_overflow_wave,
          minmay_misc_feat_hallway, minmay_starry_boxes
D:6:      layout_basic, uniq_prince_ribbit1
D:7:      layout_cave_pools, mainiacjoe_overflow_alcove_2,
          minmay_temple_entry_offerings
D:8:      layout_rooms, minmay_manual_macuahuitl, uniq_maurice

Skill      XL: |  1  2  3  4  5  6  7  8  9 |
---------------+----------------------------+-----
Axes           | 4 5 6 7 8 10 | 10.6
Fighting       | 4 5 6 7 8 |  8.0
Dodging        | 3 4 5 |  5.9
Stealth        | 1 2 3 |  3.9
Armour         | 3 4 |  4.3

Action                   |  1- 3 |  4- 6 |  7- 9 || total
-------------------------+-------+-------+-------++-------
Melee: Hand axe          |   107 |   133 |   201 ||   441
       Headbutt          |    17 |    19 |    32 ||    68
       Punch             |       |       |     3 ||     3
Invok: Berserk           |     2 |     3 |     5 ||    10
  Use: Scroll            |     1 |       |    10 ||    11
       Potion            |       |     1 |     6 ||     7
 Stab: Sleeping          |       |     3 |     3 ||     6
       Distracted        |       |       |     1 ||     1
Armor: Animal skin       |    14 |    38 |    29 ||    81
       Chain mail        |       |       |    28 ||    28
Dodge: Dodged            |    69 |    64 |    85 ||   218

Table legend: (Time is in decaauts)
 A = Elapsed time spent in this place.
 B = Non-inter-level travel time spent in this place.
 C = Inter-level travel time spent in this place.
 D = Time resting spent in this place.
 E = Time spent auto-exploring this place.
 F = Levels seen in this place.
 G = Mean time per level.
                   A        B        C        D        E       F      G
               +--------+--------+--------+--------+--------+-----+--------+
         Total |   8366 |   8160 |    206 |   2415 |   4253 |   8 | 1045.8 |
       Dungeon |   8366 |   8160 |    206 |   2415 |   4253 |   8 | 1045.8 |
               +--------+--------+--------+--------+--------+-----+--------+

Top non-repeatable levels by time:
     D:3: 1415 daAuts
     D:4: 1386 daAuts
     D:6: 1227 daAuts
     D:1: 1222 daAuts
     D:5: 1214 daAuts
     D:2: 799 daAuts
     D:7: 677 daAuts
     D:8: 422 daAuts
